 Dungeon Crawl Stone Soup version 0.28-a0-1404-g4df0f3684d (webtiles) character file.

Game seed: 12160779286154150557

2599 HallandMoats the Covered (level 9, -3/75 HPs)
             Began as a Ghoul Fighter on Jan 6, 2022.
             Was an Elder of Jiyva.
             Slain by Harold (10 damage)
             ... on level 8 of the Dungeon.
             The game lasted 00:09:41 (6292 turns).

HallandMoats the Covered (Ghoul Fighter)            Turns: 6292, Time: 00:09:41

Health: -3/75      AC:  9    Str: 20    XL:     9   Next: 59%
Magic:  11/11      EV: 16    Int:  3    God:    Jiyva [****..]
Gold:   978        SH: 10    Dex: 12    Spells: 8/8 levels left

rFire   . . .      SeeInvis .   a - +0 war axe (spect)
rCold   + . .      Faith    .   c - +0 buckler
rNeg    + + +      Spirit   .   z - +0 acid dragon scales
rPois   ∞          Reflect  +   (no helmet)
rElec   .          Harm     .   (no cloak)
rCorr   +          Rampage  .   f - +1 pair of gloves
Will    .....                   (no boots)
Stlth   +.........              e - amulet of reflection
HPRegen 1.28/turn               i - +4 ring of evasion
MPRegen 0.52/turn               (no ring)

@: marked, inhibited regen, invisible
A: claws 1, cold resistance 1, negative energy resistance 3, inhibited
regeneration, torment resistance 2
a: Renounce Religion, Oozemancy, Slimify


You were on level 8 of the Dungeon.
You worshipped Jiyva.
Jiyva was greatly pleased with you.
You visited 1 branch of the dungeon, and saw 8 of its levels.
You also visited: Sewer.

You collected 978 gold pieces.

Inventory:

Hand Weapons
 a - a +0 spectral war axe (weapon)
 b - a +2 dagger of venom
 y - a +5 morningstar of freezing
Armour
 c - a +0 buckler (worn)
 f - a +1 pair of gloves (worn)
 z - +0 acid dragon scales (worn)
Jewellery
 e - an amulet of reflection (around neck)
 i - a +4 ring of evasion (left hand)
Wands
 k - a wand of flame (16)
 v - a wand of digging (3)
Scrolls
 m - a scroll of fog
 o - a scroll of acquirement
 s - 2 scrolls of immolation {unknown}
 t - a scroll of teleportation {unknown}
 w - a scroll of silence {unknown}
 x - a scroll of vulnerability {unknown}
 A - a scroll of amnesia {unknown}
 B - a scroll of holy word
Potions
 d - 4 potions of might
 g - a potion of resistance {unknown}
 h - a potion of ambrosia
 l - 3 potions of haste
 n - a potion of curing
 p - a potion of magic {unknown}
 q - a potion of degeneration {unknown}
 u - 2 potions of lignification {unknown}


   Skills:
 + Level 5.7 Fighting
 * Level 5.7 Axes
 * Level 6.0 Armour
 * Level 5.2 Dodging
 - Level 5.0 Shields
 + Level 4.1 Invocations


You had 8 spell levels left.
You didn't know any spells.
Your spell library contained the following spells:

 Spells                   Type           Power      Damage    Failure   Level
 Animate Skeleton         Necr           0%         N/A       69%         1
 Pain                     Necr           0%         1d4       69%         1
 Dazzling Flash           Conj/Hex       0%         N/A       96%         3
 Vampiric Draining        Necr           0%         2d6       96%         3
 Agony                    Necr           0%         N/A       100%        5
 Silence                  Hex/Air        0%         N/A       100%        5


Dungeon Overview and Level Annotations

Branches:
Dungeon (8/15)             Temple (0/1) D:7           Sewer (visited)
   Lair: D:8-11

Altars:
Vehumet

Shops:
D:1 !   D:5 *

Annotations:
D:8 Harold


Innate Abilities, Weirdness & Mutations

You thrive by killing the living.
You are immune to poison.
You have sharp fingernails.
Your flesh is cold resistant. (rC+)
You are immune to negative energy. (rN+++)
You do not regenerate when monsters are visible.
You are immune to unholy pain and torment.


Message History

You barely miss the wolf. You barely miss the killer bee.
You closely miss the killer bee.
Your +0 spectral war axe hits the wolf!
Your +0 spectral war axe hits the scorpion.
The killer bee misses you. The killer bee stings you.
The wolf bites you but does no damage. You block the killer bee's attack.
The killer bee stings you.
The scorpion stings your +0 spectral war axe but does no damage.
A bullfrog comes into view.
The wolf closely misses you. You block Harold's attack.
You closely miss Harold.
Harold is moderately wounded.
You barely miss the killer bee. You closely miss the killer bee.
You barely miss the wolf. You hit the orc.
Your +0 spectral war axe closely misses the killer bee.
Your +0 spectral war axe hits Harold!
You block the killer bee's attack. The killer bee stings you.
A wolf comes into view.
The wolf misses you. The killer bee completely misses you.
You block the killer bee's attack. The orc completely misses you.
The wolf bites you. Harold hits you with a +0 battleaxe!
* * * LOW HITPOINT WARNING * * *
Harold completely misses your +0 spectral war axe.
An orc comes into view. It is wielding a +0 morningstar.
The killer bee closely misses you.
A kobold comes into view. It is wielding a +0 dagger.
The killer bee barely misses you. The scorpion closely misses you.
The orc completely misses you.
You fade into invisibility!
The killer bee barely misses you. The wolf bites you but does no damage.
The killer bee misses you.
The kobold brigand unwields a +0 club.
The kobold brigand wields a +0 hand crossbow.
The kobold brigand shoots a bolt.
The bolt barely misses the wolf.
The bolt hits you!
* * * LOW HITPOINT WARNING * * *
Harold completely misses you. You block the scorpion's attack.
The wolf closely misses you. The killer bee misses you.
You block the killer bee's attack. You block the orc's attack.
A water moccasin comes into view.
The wolf closely misses you. Harold hits you with a +0 battleaxe!
You die...

.... .... .....
...## . ....####
.. ##So...## ...
####..K..h.## ....
K..!...<(...###..#
.........F.s@o(..#
###....K...hy@..##
.......)....y5.##
#..............#
####.....<.#####
.........
#.........# ......
.....


You could see Harold, a water moccasin, a kobold brigand, 2 wolves, a bullfrog,
a scorpion, 2 killer bees, a shadow imp, 2 orcs and a kobold.

Vanquished Creatures
  A cyclops (D:7)
  Maggie (D:6)
  Grinder (D:6)
  A wyvern (D:5)
  Edmund (D:6)
  A black bear (D:6)
  An ogre (D:5)
  A centaur (D:5)
  A kobold brigand (D:7)
  Blork the orc (D:5)
  A gnoll sergeant (D:6)
  A bullfrog (D:6)
  2 scorpions
  A wyvern zombie (D:7)
  4 wights (D:6)
  4 killer bees (D:7)
  A howler monkey (D:7)
  A bullfrog zombie (D:5)
  2 jellies (Sewer)
  A hound (D:4)
  A bullfrog skeleton (D:5)
  Ijyb (D:5)
  2 iguanas (D:5)
  A hound skeleton (D:5)
  A river rat (Sewer)
  11 adders
  8 gnolls
  A shadow imp (D:7)
  A worm (D:2)
  3 dart slugs
  2 orcs
  8 bats
  11 endoplasms
  9 giant cockroaches
  10 goblins
  6 hobgoblins
  5 jackals
  4 quokkas
  6 ball pythons
  11 frilled lizards
  11 kobolds
  12 rats
153 creatures vanquished.

Vanquished Creatures (others)
  A centaur (D:6)
  A wyvern zombie (D:7)
  A bullfrog zombie (D:7)
  5 jellies
  A centaur skeleton (D:7)
  A bullfrog skeleton (D:7)
  2 gnolls
  A white imp (D:7)
  A dart slug (D:4)
  An endoplasm (D:3)
  2 jackals (D:4)
  A ball python (D:4)
  5 plants (D:8)
23 creatures vanquished.

Grand Total: 176 creatures vanquished

Notes
Turn   | Place    | Note
-------+----------+-------------------------------------------
     0 | D:1      | HallandMoats the Ghoul Fighter began the quest for the Orb.
     0 | D:1      | Reached XP level 1. HP: 19/19 MP: 0/0
   124 | D:1      | Reached XP level 2. HP: 25/26 MP: 1/1
   279 | D:1      | Found Mareeniv's Distillery.
   476 | D:1      | Reached XP level 3. HP: 31/31 MP: 2/2
   695 | D:2      | Found a faded altar of an unknown god.
   704 | D:2      | Reached skill level 3 in Armour
   742 | D:2      | Reached skill level 1 in Dodging
  1087 | D:2      | Reached XP level 4. HP: 38/38 MP: 3/3
  1777 | D:3      | Identified a scroll of acquirement
  1777 | D:3      | Acquired 710 gold pieces
  1920 | D:3      | Reached skill level 1 in Invocations
  2126 | D:3      | Found a glowing drain.
  2145 | D:3      | Reached XP level 5. HP: 46/46 MP: 4/4
  2165 | Sewer    | Entered a sewer
  2282 | Sewer    | Found a viscous altar of Jiyva.
  2346 | Sewer    | Reached XP level 6. HP: 47/52 MP: 6/6
  2402 | Sewer    | Became a worshipper of Jiyva Jidoij the Shapeless
  3316 | D:4      | Reached * piety under Jiyva
  3910 | D:5      | Entered Level 5 of the Dungeon
  3944 | D:5      | Noticed a wyvern
  3946 | D:5      | Noticed Blork the orc
  3949 | D:5      | Killed a wyvern
  3950 | D:5      | Reached skill level 4 in Armour
  3950 | D:5      | Reached XP level 7. HP: 50/59 MP: 7/7
  3953 | D:5      | Killed Blork the orc
  3970 | D:5      | Found a radiant altar of Vehumet.
  4011 | D:5      | Reached ** piety under Jiyva
  4113 | D:5      | Noticed Ijyb
  4114 | D:5      | Found Nianoiju's Lightly-Used Armoury.
  4122 | D:5      | Killed Ijyb
  4407 | D:5      | Reached XP level 8. HP: 67/67 MP: 8/8
  4878 | D:6      | Reached *** piety under Jiyva
  4946 | D:6      | Noticed Grinder
  4955 | D:6      | Killed Grinder
  4956 | D:6      | Reached skill level 5 in Armour
  4956 | D:6      | Reached skill level 5 in Shields
  4965 | D:6      | Reached skill level 5 in Fighting
  5089 | D:6      | Noticed Edmund
  5097 | D:6      | Killed Edmund
  5098 | D:6      | Reached skill level 5 in Axes
  5098 | D:6      | Reached XP level 9. HP: 74/74 MP: 10/10
  5176 | D:6      | Noticed Maggie
  5186 | D:6      | Killed Maggie
  5480 | D:7      | Reached **** piety under Jiyva
  5492 | D:7      | Noticed a cyclops
  5499 | D:7      | Killed a cyclops
  5500 | D:7      | Reached skill level 5 in Dodging
  5717 | D:7      | Found a staircase to the Ecumenical Temple.
  6237 | D:8      | Noticed Harold
  6265 | D:7      | Reached skill level 6 in Armour
  6292 | D:8      | Slain by Harold

Illustrated notes

Levels and vault maps discovered:
D:1:      minmay_arrival_hallway, layout_loops_cross, serial_shops, shop
D:2:      layout_basic, hellmonk_ecumenical_altar_arch_garden
D:3:      layout_basic, gup_sewer_entry_glass,
          wander_ebering_terrifying_dragon_lair
D:4:      layout_basic
D:5:      layout_gridville, vehumet_crystals, minivault_5, minmay_shop_damaged,
          uniq_blork_the_orc, uniq_ijyb
D:6:      layout_loops_cross, uniq_grinder, uniq_edmund, uniq_maggie
D:7:      layout_basic, minmay_temple_entry_hall
D:8:      cheibrodos_iron_armory, layout_rooms, minmay_lair_entry_grove,
          enter_bailey_6, st_stairs_5, uniq_grum, uniq_harold, uniq_joseph

Skill      XL: |  1  2  3  4  5  6  7  8  9 |
---------------+----------------------------+-----
Axes           | 2 3 4 5 |  5.7
Shields        | 3 4 5 |  5.0
Armour         | 3 4 5 6 |  6.0
Dodging        | 1 2 3 4 5 |  5.2
Invocations    | 1 2 3 4 |  4.1
Fighting       | 4 5 |  5.7

Action                   |  1- 3 |  4- 6 |  7- 9 || total
-------------------------+-------+-------+-------++-------
Melee: War axe           |    61 |   123 |   159 ||   343
       Dagger            |    40 |    45 |       ||    85
Evoke: Wand              |       |       |     1 ||     1
  Use: Scroll            |       |    10 |     2 ||    12
       Potion            |       |       |     1 ||     1
 Stab: Distracted        |       |       |     1 ||     1
Armor: Scale mail        |    46 |    71 |    20 ||   137
       Acid dragon scale |       |       |    20 ||    20
Dodge: Dodged            |    44 |   119 |   142 ||   305
Block: Buckler           |    21 |    38 |   110 ||   169
       Reflection        |       |       |     3 ||     3

Table legend: (Time is in decaauts)
 A = Elapsed time spent in this place.
 B = Non-inter-level travel time spent in this place.
 C = Inter-level travel time spent in this place.
 D = Time resting spent in this place.
 E = Time spent auto-exploring this place.
 F = Levels seen in this place.
 G = Mean time per level.
                   A        B        C        D        E       F      G
               +--------+--------+--------+--------+--------+-----+--------+
         Total |   6446 |   6282 |    164 |     21 |   5059 |   9 |  716.2 |
       Dungeon |   6146 |   5982 |    164 |     21 |   4926 |   8 |  768.2 |
         Sewer |    299 |    299 |      0 |      0 |    133 |   1 |  299.0 |
               +--------+--------+--------+--------+--------+-----+--------+

Top non-repeatable levels by time:
     D:3: 1203 daAuts
     D:2: 1086 daAuts
     D:7: 895 daAuts
     D:5: 839 daAuts
     D:1: 713 daAuts
     D:4: 710 daAuts
     D:6: 676 daAuts
   Sewer: 299 daAuts
     D:8: 21 daAuts
